 Dungeon Crawl Stone Soup version 0.30.0-29-ga12c61a403 (webtiles) character file.

Game seed: 9654071956465230487

1506 monsoonserge the Shooter (level 8, -2/52 HPs)
             Began as an Octopode Transmuter on June 4, 2023.
             Killed by divine providence
             ... invoked by an orc priest
              (11 damage)
             ... on level 6 of the Dungeon.
             The game lasted 00:17:07 (3884 turns).

monsoonserge the Shooter (Octopode Transmuter)      Turns: 3884, Time: 00:17:07

Health: -2/52      AC:  2    Str: 10    XL:     8   Next: 82%
Magic:  9/11       EV: 20    Int: 17    God:
Gold:   299        SH:  5    Dex: 17    Spells: 2/11 levels left

rFire   . . .        p - melded +10 sling "Wuigucre" {drain, rElec Dex+5 Stlth+}
rCold   . . .        (shield currently unavailable)
rNeg    . . .        (helmet currently unavailable)
rPois   x            t - amulet of reflection
rElec   .            i - ring of resist corrosion
rCorr   +            o - +4 ring of slaying
SInv    .            r - ring of flight
Will    .....        (no ring)
Stlth   ++           (no ring)
HPRegen 0.28/turn    (no ring)
MPRegen 0.12/turn    (no ring)
                     (no ring)

%: reflection
@: spider-form, flying
A: venomous fangs, almost no armour, (amphibious), 8 rings, tiny, (camouflage
1), (gelatinous body 1), (nimble swimmer 1), (tentacles)
a: End Transformation


You were on level 6 of the Dungeon.
You were a venomous arachnid creature.
You visited 2 branches of the dungeon, and saw 7 of its levels.

You collected 299 gold pieces.

Inventory:

Hand Weapons
 p - the +10 sling "Wuigucre" (melded) {drain, rElec Dex+5 Stlth+}
   (You found it on level 3 of the Dungeon)

   Dex:       It affects your dexterity (+5).
   rElec:     It insulates you from electricity.
   Stlth:     It makes you more stealthy.
Missiles
 c - 10 poisoned darts (quivered)
 q - 3 boomerangs
 x - a throwing net
Armour
 y - a +0 kite shield
Jewellery
 i - a ring of resist corrosion (left front pincers)
 o - a +4 ring of slaying (right front pincers)
 r - a ring of flight (on tentacle)
 t - an amulet of reflection (around neck)
Wands
 e - a wand of polymorph (7)
 A - a wand of paralysis (10)
Scrolls
 f - 2 scrolls of poison {unknown}
 g - 2 scrolls of enchant weapon {unknown}
 j - a scroll of teleportation {unknown}
 m - a scroll of amnesia {unknown}
 n - 2 scrolls of identify {unknown}
 u - a scroll of blinking {unknown}
 v - a scroll of noise {unknown}
Potions
 a - a potion of lignification
 b - a potion of ambrosia {unknown}
 d - a potion of might {unknown}
 h - 4 potions of degeneration {unknown}
 k - a potion of brilliance {unknown}
 l - 3 potions of mutation {unknown}
 s - 2 potions of curing {unknown}
 w - a potion of invisibility {unknown}
 z - a potion of attraction {unknown}


   Skills:
 + Level 3.0 Fighting
 * Level 7.5 Ranged Weapons
 + Level 3.2 Dodging
 - Level 1.0 Stealth
 + Level 0.2 Shields
 + Level 5.2 Unarmed Combat
 + Level 2.0 Spellcasting
 + Level 3.6 Transmutations
 + Level 2.2 Ice Magic
 - Level 1.0 Poison Magic


You had 2 spell levels left.
You knew the following spells:

 Your Spells              Type           Power      Damage    Failure   Level
a - Beastly Appendage     Tmut           28%        N/A       13%         1
b - Wereblood             Tmut           14%        N/A       17%         2
c - Spider Form           Tmut/Pois      9%         N/A       43%         3
d - Frozen Ramparts       Ice            18%        1d3       43%         3

Your spell library contained the following spells:

 Spells                   Type           Power      Damage    Failure   Level
 Ozocubu's Armour         Ice            9%         N/A       43%         3
 Ice Form                 Ice/Tmut       11%        N/A       71%         4
 Olgreb's Toxic Radiance  Pois           5%         N/A       90%         4
 Summon Ice Beast         Ice/Summ       5%         N/A       90%         4
 Ozocubu's Refrigeration  Ice            4%         4d8       100%        7
 Discord                  Hex            0%         N/A       100%        8
 Ignition                 Fire           0%         3d3       100%        8


Dungeon Overview and Level Annotations

Branches:
Dungeon (6/15)             Temple (1/1) D:5

Altars:
Ashenzari
Cheibriados
Dithmenos
Elyvilon
Fedhas
Gozag
Hepliaklqana
Trog
Xom
Yredelemnul
Zin

Shops:
D:2 (

Annotations:
D:6 Pikel


Innate Abilities, Weirdness & Mutations

You are a venomous arachnid creature.
You have venomous fangs.
You are tiny and dextrous.
Your spellcasting is less reliable in this form.
Your armour is entirely melded.
You are incapable of wielding weapons or throwing items.
You cannot wear most types of armour.
((You are amphibious.))
You can wear up to eight rings at the same time.
((Your skin changes colour to match your surroundings (Stealth+).))
((Your rubbery body absorbs attacks. (AC +1, EV +1)))
((You are camouflaged when in or above water. (Stealth+)))
((You have tentacles for arms and can constrict up to eight enemies at once.))


Message History

Aim: an orc wizard, wielding a +0 dagger and wearing a +0 robe (69% to hit)
You shoot a sling bullet. The sling bullet hits the ice beast.
You kill the ice beast!
The orc wizard gestures wildly while chanting.
The orc wizard flickers and vanishes!
Deactivating autopickup; reactivate with Ctrl-A.
Casting: Spider Form (dangerous; 22% risk of failure)
Confirm with . or Enter, or press ? or * to list all spells.
You turn into a venomous arachnid creature.
The +10 sling "Wuigucre" {drain, rElec Dex+5 Stlth+} melds into your body.
An orc priest comes into view. It is wielding a +0 whip.
An orc comes into view. It is wielding a +0 dagger.
Unknown command.
You closely miss the orc wizard. Something hits you.
The orc priest begins to cast a cantrip, but forgets the words!
The orc wizard completely misses you.
You bite the orc wizard!
The orc wizard is severely wounded.
Something misses you. The orc wizard barely misses you.
You hit the orc wizard.
You kill the orc wizard!
Something hits you.
The orc priest invokes the aid of Beogh against you.
Pain shoots through your body!
Items here: ) [ ††.
Something closely misses you.
Found a hand axe.
You bite the orc!
You kill the orc!
Something closely misses you.
Found a ring mail and a scroll labelled XALOID XIETO.
A magic dart appears from out of thin air!
The magic dart hits you!
* * * LOW HITPOINT WARNING * * *
The orc priest closely misses you.
Things that are here:
a +0 dagger; an orc corpse You barely miss the orc priest.
The orc priest calls down the wrath of Beogh upon you.
Beogh smites you!
You die...

.............#
...... .####.
.......<..†..##
....... ....#.
...........#..##....
. ......
#####.###.###.#..#
.# ###... #.
#.......####.##.
.....# #
##..##..........
......
#..####))......
.....# #.##
#{.)..... .... ...
#s.)..... ...
...[....o....... ..
...........)..... .
# ............... #
............### #
.............. #
.)............. #
?.............. # #


You could see an orc priest.

Vanquished Creatures
  An unseen horror (D:5)
  2 water moccasins (D:6)
  An ice beast (D:6)
  An ogre (D:5)
  A lemure (D:5)
  A gnoll sergeant (D:5)
  A bullfrog (D:6)
  3 scorpions
  2 jellies (D:5)
  3 hounds
  An orc priest (D:6)
  3 iguanas
  4 orc wizards
  4 gnolls
  6 adders
  2 worms
  3 dart slugs
  15 orcs
  6 ball pythons
  6 endoplasms
  2 giant cockroaches
  6 goblins
  10 hobgoblins
  7 jackals
  3 quokkas
  7 bats
  2 frilled lizards
  11 kobolds
  4 rats
118 creatures vanquished.

Notes
Turn   | Place    | Note
-------+----------+-------------------------------------------
     0 | D:1      | monsoonserge the Octopode Transmuter began the quest for
                  | the Orb.
     0 | D:1      | Reached XP level 1. HP: 13/13 MP: 3/3
   255 | D:1      | Reached XP level 2. HP: 4/18 MP: 3/5
   259 | D:1      | Learned a level 2 spell: Wereblood
   783 | D:1      | You fall into a shaft and drop 1 floor!
   862 | D:2      | Reached XP level 3. HP: 17/23 MP: 4/6
   906 | D:2      | Learned a level 3 spell: Spider Form
  1155 | D:2      | Found Uhijou's Antique Weapon Boutique.
  1184 | D:2      | Reached XP level 4. HP: 26/28 MP: 7/7
  1227 | D:2      | Reached skill level 1 in Stealth
  1824 | D:3      | Reached skill level 1 in Poison Magic
  1894 | D:3      | Found a hazy altar of Hepliaklqana.
  1896 | D:3      | Found a blossoming altar of Fedhas.
  2070 | D:3      | Found a snail-covered altar of Cheibriados.
  2174 | D:3      | Reached XP level 5. HP: 26/33 MP: 6/8
  2236 | D:3      | Identified the +10 sling "Wuigucre" {drain, rElec Dex+5
                  | Stlth+}
  2476 | D:4      | Reached skill level 1 in Ranged Weapons
  2476 | D:4      | Reached skill level 5 in Unarmed Combat
  2476 | D:4      | Reached XP level 6. HP: 23/39 MP: 9/9
  2688 | D:4      | Noticed an angel
  2689 | D:4      | Found a glowing silver altar of Zin.
  2839 | D:4      | Reached skill level 2 in Ranged Weapons
  2948 | D:5      | Entered Level 5 of the Dungeon
  2968 | D:5      | Killed an unseen horror
  2969 | D:5      | Reached skill level 4 in Ranged Weapons
  2969 | D:5      | Reached XP level 7. HP: 39/45 MP: 10/10
  2994 | D:5      | Learned a level 3 spell: Frozen Ramparts
  3058 | D:5      | Reached skill level 5 in Ranged Weapons
  3125 | D:5      | Reached XP level 8. HP: 51/51 MP: 11/11
  3131 | D:5      | Reached skill level 1 in Ice Magic
  3230 | D:5      | Found a staircase to the Ecumenical Temple.
  3236 | Temple   | Entered the Ecumenical Temple
  3272 | D:5      | Reached skill level 6 in Ranged Weapons
  3717 | D:6      | Noticed Pikel
  3862 | D:6      | Reached skill level 7 in Ranged Weapons
  3884 | D:6      | Killed from afar by an orc priest

Illustrated notes

Levels and vault maps discovered:
D:1:      dpeg_arrival_tiny_j, layout_loops_corners
D:2:      layout_rooms, serial_shops, nicolae_shop_overgrown_old_shop
D:3:      layout_loops_ring, kennysheep_slug_shrine, nicolae_overflow_squiral
D:4:      layout_cave_pools, zin_angel, serial_park, serial_park_square1
          [serial_park_minivault_5x5_3], serial_park_avenue1,
          serial_park_tiny_pond, minmay_fractal_squares_gapless_5
D:5:      layout_layer_cave, minmay_temple_entry_enclosed_plants,
          minmay_misc_feat_rugged
D:6:      minmay_evil_eye, layout_rooms, mainiacjoe_overflow_paths, tso_altar,
          nemelex_dance_club_becter, nicolae_ru_path_of_blood, uniq_pikel
Temple:   hellmonk_temple_two_chambers

Skill      XL: |  1  2  3  4  5  6  7  8 |
---------------+-------------------------+-----
Unarmed Combat | 4 5 |  5.2
Stealth        | 1 |  1.0
Poison Magic   | 1 |  1.0
Transmutations | 3 |  3.6
Ranged Weapons | 1 4 5 7 |  7.5
Fighting       | 2 3 |  3.0
Ice Magic      | 2 |  2.2
Dodging        | 3 |  3.2
Shields        | |  0.2
Spellcasting   | |  2.0

Action                     |  1- 3 |  4- 6 |  7- 9 || total
---------------------------+-------+-------+-------++-------
  Melee: Unarmed           |    64 |    61 |    10 ||   135
         Constrict         |    14 |    19 |       ||    33
         Kick              |    16 |    17 |       ||    33
         Tentacles         |     6 |    10 |       ||    16
         Punch             |     3 |       |       ||     3
   Fire: Sling             |       |    42 |    58 ||   100
   Cast: Beastly Appendage |    15 |    17 |       ||    32
         Spider Form       |       |     1 |     2 ||     3
   Stab: Sleeping          |     2 |     1 |       ||     3
 Armour: Skin              |     9 |     3 |       ||    12
  Dodge: Dodged            |    55 |    31 |    18 ||   104
  Block: Other             |       |     1 |     7 ||     8
